 Dungeon Crawl Stone Soup version 0.31.0-12-g77e489cdc1 (webtiles) character file.

Game seed: 3801755508820721105

2167 Peloso the Carver (level 9, -1/79 HPs)
             Began as a Minotaur Fighter on Feb 28, 2024.
             Was a Follower of Okawaru.
             Slain by a gnoll bouda
             ... wielding a +0 club
              (9 damage)
             ... on level 7 of the Dungeon.
             The game lasted 00:12:28 (5641 turns).

Peloso the Carver (Minotaur Fighter)                Turns: 5641, Time: 00:12:29

Health: -1/79      AC: 10    Str: 21    XL:     9   Next: 10%
Magic:  8/8        EV:  9    Int:  5    God:    Okawaru [*.....]
Gold:   350        SH:  5    Dex: 14    Spells: 8/8 levels left

rFire   . . .        a - +0 scimitar
rCold   . . .        d - +0 buckler
rNeg    . . .        p - +0 chain mail
rPois   .            j - +0 hat
rElec   .            (no cloak)
rCorr   .            (no gloves)
SInv    .            (no boots)
Will    .....        (no amulet) Stlth
                     A - ring of flight
HPRegen 0.33/turn    (no ring)
MPRegen 0.11/turn

%: no passive effects
@: flying
A: horns 2, retaliatory headbutt
a: Renounce Religion, Heroism


You were on level 7 of the Dungeon.
You worshipped Okawaru.
Okawaru was aware of your devotion.
You visited 2 branches of the dungeon, and saw 8 of its levels.

You collected 350 gold pieces.

Inventory:

Hand Weapons
 a - a +0 scimitar (weapon)
Missiles
 x - 2 throwing nets (quivered)
Armour
 b - a +0 scale mail
 d - a +0 buckler (worn)
 j - a +0 hat (worn)
 p - a +0 chain mail (worn)
 z - a +0 plate armour
 B - a +0 crystal plate armour
Jewellery
 A - a ring of flight (left hand)
Talismans
 c - a beast talisman
Wands
 h - a wand of quicksilver (7)
 q - a wand of digging (7)
 v - a wand of flame (20)
 w - a wand of roots (11)
 C - a wand of mindburst (11)
Scrolls
 e - 2 scrolls of amnesia
 g - a scroll of silence
 n - 2 scrolls of teleportation
 s - a scroll of enchant armour
 t - a scroll of blinking
 u - a scroll of revelation {unknown}
 y - a scroll of enchant weapon {unknown}
Potions
 f - 3 potions of might
 i - a potion of attraction {unknown}
 k - a potion of haste
 l - a potion of berserk rage
 m - a potion of mutation
 o - a potion of heal wounds {unknown}


   Skills:
 + Level 7.1 Fighting
 + Level 8.9 Long Blades
 + Level 8.1 Armour
 + Level 3.8 Dodging
 + Level 1.2 Stealth
 + Level 5.6 Shields


You had 8 spell levels left.
You didn't know any spells.
Your spell library contained the following spells:

 Spells                   Type           Power      Damage    Failure   Level
 Inner Flame              Hex/Fire       0%         N/A       100%        3
 Flame Wave               Conj/Fire      0%         2d4       100%        4
 Sticky Flame             Fire/Alch      0%         2d4       100%        4


Dungeon Overview and Level Annotations

Branches:
Dungeon (7/15)             Temple (1/1) D:6

Altars:
Cheibriados
Fedhas
Hepliaklqana
Okawaru
Ru
Sif Muna
Uskayaw
Wu Jian
Xom
Yredelemnul
Zin
The Shining One

Shops:
D:5 *

Annotations:
D:3 2 transporters, ripuliukko's ghost, weakling GrEE
D:4 3 runed translucent doors, zxspectator's ghost, novice GrFi


Innate Abilities, Weirdness & Mutations

You have a pair of horns on your head.
You reflexively headbutt those who attack you in melee.


Message History

Your surroundings suddenly seem different.
The gnoll hits you but does no damage. x2
The gnoll bouda barks out a call to the hunt!
The gnolls pick up the pace!
As you read the scroll of fear, it crumbles to dust.
You assume a fearsome visage.
The gnoll bouda looks frightened!
The gnoll looks frightened! x2
Unknown command.
Cornered, the gnoll turns to fight!
The gnoll bouda gazes fiercely through you!
You feel your attacks grow feeble. The gnoll closely misses you.
The gnoll bouda seems to regain its courage.
You block the gnoll's attack.
You hit the gnoll but do no damage. You headbutt the gnoll.
The gnoll is moderately wounded.
You block the gnoll's attack.
You hit the gnoll. Your headbutt misses the gnoll.
The gnoll is severely wounded.
The gnoll seems to regain its courage.
The gnoll barely misses you. You furiously retaliate!
You headbutt the gnoll!
You kill the gnoll!
Okawaru accepts your kill.
You see here a +0 spear.
Your attacks no longer feel as feeble.
The gnoll is no longer moving quickly.
The gnoll bouda barks out a call to the hunt!
The gnoll picks up the pace!
The gnoll misses you.
The gnoll hits you from afar with a +0 spear.
* * * LOW HITPOINT WARNING * * *
The gnoll bouda attacks as it pursues you!
The gnoll bouda hits you with a +0 club.
* * * LOW HITPOINT WARNING * * *
The gnoll attacks as it pursues you!
The gnoll hits you from afar with a +0 spear.
* * * LOW HITPOINT WARNING * * *
The gnoll bouda attacks as it pursues you!
The gnoll bouda hits you with a +0 club!
You die...

###### #....##### ######..).#...#
#....#....#...# ###
#....#....#...# #..
#######.........#...# #.#
.....##....#..g.#...#### #.#
...........#...g#......########.#
................@.........<.>...#
####.#.....#.....#.###.###.#.####
#)#.###.#####.#.##....#.#...).
##)#.#...##.##.#.........#.#..#
#......#.##....###.....###.#..#
#......#.##.#### #.....##....##
#....#......# #.....##..###.
#....#.....#######.######..##.#
#....##.##.# #.....# #...##.


You could see a gnoll bouda and a gnoll (swift).

Vanquished Creatures
  3 ice beasts
  2 orc warriors (D:6)
  A black bear (D:5)
  3 sky beasts
  An ogre (D:4)
  2 phantoms
  3 bullfrogs
  2 scorpions
  A howler monkey (D:5)
  2 bombardier beetles
  5 hounds
  A gnoll bouda (D:7)
  8 orc wizards
  5 adders
  9 gnolls (D:7)
  2 shadow imps (D:7)
  2 white imps
  6 ufetubi
  A dart slug (D:3)
  3 ribbon worms
  17 orcs
  5 ball pythons
  4 bats
  13 endoplasms
  2 giant cockroaches
  5 goblins
  7 hobgoblins
  6 jackals
  7 kobolds
  4 quokkas
  5 frilled lizards
  4 rats
141 creatures vanquished.

Notes
Turn   | Place    | Note
-------+----------+-------------------------------------------
     0 | D:1      | Peloso the Minotaur Fighter began the quest for the Orb.
     0 | D:1      | Reached XP level 1. HP: 19/19 MP: 0/0
   122 | D:1      | Reached XP level 2. HP: 26/27 MP: 1/1
   189 | D:1      | Found a faded altar of an unknown god.
   747 | D:2      | Reached XP level 3. HP: 33/33 MP: 2/2
  1170 | D:2      | Reached XP level 4. HP: 40/40 MP: 3/3
  1640 | D:3      | Found a transporter.
  1680 | D:3      | Found a transporter.
  1683 | D:3      | Noticed ripuliukko's ghost (weakling GrEE)
  1841 | D:2      | Reached skill level 1 in Dodging
  2042 | D:3      | Found a basalt altar of Yredelemnul.
  2050 | D:3      | Reached XP level 5. HP: 28/47 MP: 4/4
  2197 | D:4      | Noticed an ogre
  2296 | D:4      | Found a runed translucent gate.
  2296 | D:4      | Found a runed translucent gate.
  2299 | D:4      | Found a runed translucent gate.
  2302 | D:4      | Noticed zxspectator's ghost (novice GrFi)
  2505 | D:4      | Reached skill level 5 in Long Blades
  2505 | D:4      | Reached XP level 6. HP: 53/55 MP: 5/5
  2632 | D:4      | Reached skill level 1 in Stealth
  2663 | D:4      | Reached skill level 5 in Fighting
  2663 | D:4      | Reached skill level 5 in Armour
  2806 | D:5      | Entered Level 5 of the Dungeon
  2828 | D:5      | Reached XP level 7. HP: 61/61 MP: 6/6
  2884 | D:5      | Found Usonugu's Assorted Antiques.
  2964 | D:5      | Reached skill level 5 in Shields
  3331 | D:5      | Found a glowing silver altar of Zin.
  3622 | D:5      | Reached XP level 8. HP: 60/70 MP: 7/7
  3800 | D:6      | Found a staircase to the Ecumenical Temple.
  3894 | Temple   | Entered the Ecumenical Temple
  3937 | Temple   | Became a worshipper of Warmaster Okawaru
  4132 | D:6      | HP: 1/71 [something/puff of flame (9)]
  4378 | D:6      | Reached * piety under Okawaru
  5091 | D:7      | Reached XP level 9. HP: 79/79 MP: 8/8
  5641 | D:7      | Slain by a gnoll bouda

Illustrated notes

Levels and vault maps discovered:
D:1:      dpeg_arrival_rooms_c, layout_basic, basic_ecumenical_altar
D:2:      layout_loops_ring, grunt_ministairs_7, minmay_misc_feat_plants
D:3:      layout_rooms, yredelemnul_altar_generic, gammafunk_ghost_mausoleum
D:4:      layout_basic, ebering_ghost_rock_garden
D:5:      layout_basic, pf_just_have_faith, serial_shops, shop
D:6:      layout_gridville, minmay_temple_entry_poolview, serial_rivers,
          chequers_serial_rivers_micro_d, chequers_serial_rivers_micro_b,
          chequers_serial_rivers_micro_b, chequers_serial_rivers_micro_a,
          chequers_serial_rivers_small_3, chequers_serial_rivers_room_b,
          st_stairs_8
D:7:      layout_basic, amethyst_killhole
Temple:   hellmonk_temple_beads

Skill      XL: |  1  2  3  4  5  6  7  8  9 |
---------------+----------------------------+-----
Fighting       | 4 5 6 7 |  7.1
Armour         | 4 5 6 7 8 |  8.1
Shields        | 4 5 |  5.6
Long Blades    | 3 4 5 6 7 8 |  8.9
Dodging        | 1 2 3 |  3.8
Stealth        | 1 |  1.2

Action                     |  1- 3 |  4- 6 |  7- 9 || total
---------------------------+-------+-------+-------++-------
  Melee: Long sword        |    77 |   101 |   109 ||   287
         Headbutt          |    11 |    19 |    37 ||    67
         Scimitar          |       |       |   116 ||   116
  Evoke: Wand              |       |     1 |       ||     1
    Use: Potion            |     3 |       |     1 ||     4
         Scroll            |       |     7 |     6 ||    13
 Armour: Scale mail        |    48 |    31 |       ||    79
         Chain mail        |       |    50 |   274 ||   324
  Dodge: Dodged            |    43 |    72 |   137 ||   252
  Block: Buckler           |    17 |    34 |    69 ||   120
